 Dungeon Crawl Stone Soup version 0.23.2-1-ga50397a (webtiles) character file.

Game seed: 2599945679461662439

10 Iscandelvey the Vexing (level 2, 4/21 HPs)
             Began as a Demonspawn Arcane Marksman on Apr 19, 2019.
             Quit the game on level 1 of the Dungeon.
             The game lasted 00:00:24 (146 turns).

Iscandelvey the Vexing (Demonspawn Arcane Marksman)  Turns: 146, Time: 00:00:25

Health: 4/21       AC:  2    Str: 10    XL:     2   Next: 10%
Magic:  2/3        EV: 12    Int: 14    God:
Gold:   37         SH:  0    Dex: 13    Spells: 2/3 levels left

rFire    . . .     SeeInvis .   a - +0 hand crossbow
rCold    . . .     Gourm    .   (no shield)
rNeg     . . .     Faith    .   e - +0 robe
rPois    .         Spirit   +   (no helmet)
rElec    .         Reflect  .   (no cloak)
rCorr    .         Harm     .   (no gloves)
MR       .....                  (no boots)
Stlth    +.........             (no amulet)
HPRegen  0.07/turn              (no ring)
MPRegen  0.08/turn              (no ring)

@: no status effects
A: magic shield
a: no special abilities


You were on level 1 of the Dungeon.
You were not hungry.

You visited 1 branch of the dungeon, and saw 1 of its levels.

You collected 37 gold pieces.

Inventory:

Hand Weapons
 a - a +0 hand crossbow (weapon)
Missiles
 d - 14 bolts (quivered)
Armour
 e - a +0 robe (worn)
Scrolls
 b - a scroll of remove curse {unknown}
 c - 3 scrolls of identify {unknown}
 h - a scroll of enchant weapon {unknown}
Potions
 g - a potion of curing {unknown}
Comestibles
 f - a ration


   Skills:
 + Level 1.0 Fighting
 + Level 2.0 Crossbows
 + Level 1.9 Dodging
 + Level 1.0 Spellcasting
 + Level 3.3 Hexes


You had 2 spell levels left.
You knew the following spells:

 Your Spells              Type           Power        Failure   Level  Hunger
a - Corona                Hex            ##.....      7%          1    ##.....

Your spell library contained the following spells:

 Spells                   Type           Power        Failure   Level  Hunger
 Slow                     Hex            ##......     10%         2    ###....
 Inner Flame              Hex/Fire       #.......     36%         3    ####...
 Portal Projectile        Hex/Tloc       #.....       36%         3    ####...
 Cause Fear               Hex            ##........   54%         4    #####..
 Leda's Liquefaction      Hex/Erth       #.........   78%         4    #####..


Dungeon Overview and Level Annotations

Branches:
Dungeon (1/15)

Altars:


Innate Abilities, Weirdness & Mutations

When hurt, damage is shared between your health and your magic reserves.


Message History

You shoot a bolt. The bolt hits the hobgoblin!
You kill the hobgoblin!
The kobold closely misses you.
Firing (i - inventory)
d - 11 bolts (quivered)
Press: ? - help, Shift-Dir - straight line, f - kobold
Aim: a kobold, wielding a +3 short sword You shoot a bolt.
The bolt closely misses the kobold.
The kobold completely misses you. The kobold hits you but does no damage.
Firing (i - inventory)
d - 10 bolts (quivered)
Press: ? - help, Shift-Dir - straight line, f/p - kobold
Aim: a kobold, wielding a +3 short sword You shoot a bolt.
The bolt hits the kobold.
You kill the kobold!
d - 12 bolts (gained 3)
Things that are here:
a hobgoblin corpse; a goblin corpse; a frilled lizard corpse
d - 14 bolts (gained 2)
Things that are here:
a +3 short sword; a kobold corpse; a rat corpse Are you sure you want to abandon this character and quit the game? (Confirm with "yes".)

#.# #.$≈≈.≈≈.≈≈..
#†# #..≈≈≈≈≈≈≈≈≈P
#.# #.≈≈≈≈≈≈≈≈≈≈.
#.# #P≈.≈≈≈≈≈≈.≈..
#.# #..P.≈≈≈≈≈≈♣..
#.# ##P(≈≈≈≈≈.P...
#.# #(...(..♣.....
#.###.###..#......
#........†@....[#
#####.###.###..##
#)# ### ##
#.#######.
#.........
##########


There were no monsters in sight!

Vanquished Creatures
  3 goblins (D:1)
  2 hobgoblins (D:1)
  2 bats (D:1)
  A frilled lizard (D:1)
  A kobold (D:1)
  2 rats (D:1)
11 creatures vanquished.

Notes
Turn   | Place    | Note
-------+----------+-------------------------------------------
     0 | D:1      | Iscandelvey the Demonspawn Arcane Marksman began the quest
                  | for the Orb.
     0 | D:1      | Reached XP level 1. HP: 15/15 MP: 2/2
   138 | D:1      | Gained mutation: When hurt, damage is shared between your
                  | health and your magic reserves. [demonic ancestry]
   138 | D:1      | Reached XP level 2. HP: 10/21 MP: 3/3
   146 | D:1      | Quit the game

Skill      XL: |  1 |
---------------+----+-----
Crossbows      | 2 |  2.0
Fighting       | |  1.0
Dodging        | |  1.9
Spellcasting   | |  1.0
Hexes          | |  3.3

Action                   || total
-------------------------++-------
 Fire: Hand crossbow     ||    19
Armor: Robe              ||     6
Dodge: Dodged            ||     8
